 Dungeon Crawl Stone Soup version 0.28-a0-984-g3775c662fe (webtiles) character file.

Game seed: 13370684268697541691

24950 vurker the Eclecticist (level 12, -4/60 HPs)
             Began as a Felid Air Elementalist on Dec 3, 2021.
             Was a High Priest of Vehumet.
             Killed from afar by Frances (22 damage)
             ... with a shard of ice
             ... on level 14 of the Dungeon.
             The game lasted 00:45:11 (30949 turns).

vurker the Eclecticist (Felid Air Elementalist)    Turns: 30949, Time: 00:45:11

Health: -4/60      AC:  7    Str:  4    XL:     12   Next: 85%
Magic:  3/32       EV: 17    Int: 27    God:    Vehumet [*****.]
Gold:   3812       SH:  0    Dex: 17    Spells: 24/41 levels left
                                        Lives:  0   Deaths: 3

rFire   . . .      SeeInvis +   (weapon unavailable)
rCold   + . .      Faith    .   (shield unavailable)
rNeg    . . .      Spirit   .   (armour unavailable)
rPois   .          Reflect  .   (helmet unavailable)
rElec   .          Harm     .   (cloak unavailable)
rCorr   .          Rampage  .   (gloves unavailable)
Will    +....                   (boots unavailable)
Stlth   ++........              y - amulet of magic regeneration
HPRegen 0.20/turn               c - +4 ring of protection
MPRegen 0.63/turn               B - +6 ring of intelligence

@: quick
A: very small, claws 1, fangs 3, see invisible, speed 1, shaggy fur 3, stealthy
paws, no weapons or thrown items, no armour, multi-lived
a: Renounce Religion


You were on level 14 of the Dungeon.
You worshipped Vehumet.
Vehumet was extremely pleased with you.
You visited 4 branches of the dungeon, and saw 23 of its levels.
You also visited: Ossuary and Gauntlet.

You collected 4670 gold pieces.
You spent 858 gold pieces at shops.

Inventory:

Jewellery
 c - a +4 ring of protection (left paw)
   (You found it on level 1 of the Lair of Beasts)
 q - a ring of fire
   (You found it on level 1 of the Lair of Beasts)
 y - an amulet of magic regeneration (around neck)
   (You found it on level 6 of the Dungeon)
 B - a +6 ring of intelligence (right paw)
   (You bought it in a shop on level 2 of the Orcish Mines)
Wands
 b - a wand of mindburst (5)
   (You found it on level 9 of the Dungeon)
 d - a wand of iceblast (18)
   (You found it on level 7 of the Dungeon)
 l - a wand of polymorph (3)
   (You took it off Erolcha on level 10 of the Dungeon)
 t - a wand of flame (33)
   (You found it on level 4 of the Dungeon)
 u - a wand of paralysis (4)
   (You found it on level 11 of the Dungeon)
Scrolls
 a - 2 scrolls of immolation
 g - 6 scrolls of teleportation
 i - 2 scrolls of magic mapping
 k - 2 scrolls of amnesia
 v - 3 scrolls of blinking
 w - 2 scrolls of fog
Potions
 e - 5 potions of flight
 f - 5 potions of brilliance
 h - 2 potions of mutation
 j - 5 potions of lignification
 m - 2 potions of cancellation {unknown}
 n - 3 potions of haste {unknown}
 o - a potion of curing
 r - 3 potions of resistance
 x - 4 potions of ambrosia
 z - 2 potions of magic
 A - 9 potions of heal wounds


   Skills:
 + Level 11.6 Fighting
 - Level 2.6 Dodging
 - Level 2.6 Stealth
 * Level 15.1 Spellcasting
 - Level 3.0 Conjurations
 * Level 14.4 Necromancy
 - Level 9.0 Air Magic
 - Level 3.0 Earth Magic


You had 24 spell levels left.
You knew the following spells:

 Your Spells              Type           Power      Damage    Failure   Level
a - Shock                 Conj/Air       100%       1d9       1%          1
b - Ozocubu's Refrigerat  Ice            10%        4d7       99%         7
c - Airstrike             Air            31%        N/A       1%          4
x - Borgnjor's Vile Clut  Necr/Erth      30%        N/A       1%          5

Your spell library contained the following spells:

 Spells                   Type           Power      Damage    Failure   Level
 Animate Skeleton         Necr           100%       N/A       0%          1
 Static Discharge         Conj/Air       51%        N/A       1%          2
 Swiftness                Air            62%        N/A       1%          3
 Apportation              Tloc           40%        N/A       2%          1
 Summon Small Mammal      Summ           80%        N/A       2%          1
 Ensorcelled Hibernation  Hex/Ice        40%        N/A       3%          2
 Tukima's Dance           Hex            20%        N/A       8%          3
 Alistair's Intoxication  Tmut/Pois      13%        N/A       56%         5
 Eringya's Noxious Bog    Tmut/Pois      10%        N/A       65%         6


Dungeon Overview and Level Annotations

Branches:
Dungeon (14/15)            Temple (1/1) D:6            Lair (6/6) D:10
  Swamp (0/4) Lair:4       Spider (0/4) Lair:2        Slime (0/5) Lair:6
    Orc (2/2) D:10            Elf (0/3) Orc:2       Ossuary (visited)
Gauntlet (visited)
 Vaults: D:13-14

Altars:
Ashenzari
Cheibriados
Dithmenos
Elyvilon
Gozag
Kikubaaqudgha
Okawaru
Qazlal
Ru
Sif Muna
Uskayaw
Vehumet
Wu Jian
Yredelemnul
Zin
Beogh
Jiyva

Shops:
D:4 (*:   D:8 *   D:13 ([=:   Orc:1 ?   Orc:2 *[(=[=

Annotations:
D:3 3 runed translucent doors, mcbry74's ghost, weakling GnAM
D:14 Frances; Roxanne
Orc:2 3 runed translucent doors, bmj180's ghost, journeyman DrCj; sn0wgr3's ghost, journeyman GrFi


Innate Abilities, Weirdness & Mutations

You have sharp claws.
You have razor-sharp teeth.
You have supernaturally acute eyesight. (SInv)
You cover ground quickly. (Speed+)
Your thick and shaggy fur keeps you warm. (AC +3, rC+)
Your paws help you pounce on unaware monsters.
You are incapable of wielding weapons or throwing items.
You cannot wear armour.
You gain extra lives every three experience levels.


Message History

There is a stone staircase leading down here.
You start resting.
You start resting.
You climb downwards.
Level annotation: Frances; Roxanne
There is a stone staircase leading up here.
Frances is nearby!
Aim: Frances, wielding a +1 antimagic war axe and wearing a +0 chain mail (wandering, hasn't noticed you, empty space bonus: 8/8)
The air twists around and strikes Frances!
Frances shouts!
Frances chants phrases taken from a devil's mouth.
Frances seems to speed up.
Aim: Frances, wielding a +1 antimagic war axe and wearing a +0 chain mail (lightly wounded, fast, empty space bonus: 8/8)
The air twists around and strikes Frances!
Aim: Frances, wielding a +1 antimagic war axe and wearing a +0 chain mail (moderately wounded, fast, empty space bonus: 6/8)
The air twists around and strikes Frances!
The white ugly thing gurgles horribly!
Aim: Frances, wielding a +1 antimagic war axe and wearing a +0 chain mail (moderately wounded, fast, empty space bonus: 6/8)
The air twists around and strikes Frances!
Frances says, "Show me proof of your conquests, and I will call you a great adventurer."
Frances screams a word of power!
The iron shot hits you!!
Aim: Frances, wielding a +1 antimagic war axe and wearing a +0 chain mail (moderately wounded, fast, empty space bonus: 8/8)
The air twists around and strikes Frances!!
A white ugly thing comes into view. x2
Aim: Frances, wielding a +1 antimagic war axe and wearing a +0 chain mail (heavily wounded, fast, 100% to hit)
Zombie hands grab Frances.
The zombie hands constrict Frances.
Frances struggles to escape constriction.
The white ugly thing basks in the mutagenic energy from its kin and changes!
Frances escapes!
A white ugly thing comes into view.
Aim: a white ugly thing (100% to hit)
Zombie hands grab the white ugly thing.
The white ugly thing gurgles horribly!
The zombie hands constrict the white ugly thing!
Frances misses you.
Frances mutters in a terrible tongue.
The shard of ice hits you!! You partially resist.
* * * LOW HITPOINT WARNING * * *
The white ugly thing struggles to escape constriction.
The zombie hands constrict the white ugly thing.
The white ugly thing escapes!
Aim: a white ugly thing (lightly wounded, 100% to hit)
Zombie hands grab Frances.
Zombie hands grab the white ugly thing.
The zombie hands constrict Frances.
The zombie hands constrict the white ugly thing.
Frances whispers indecipherable words.
The shard of ice hits you!! You partially resist.
You die...

.....p.......
..#.#.#.#
..####.##.##.
.......u. 8 +#
##.###+/..⌠.u..
............._.
...(..(...u....
...##........?.
#.u.#.#.#.#
#.@........
#.@.......#
+!........#
#..##....>#
####..# ######
+.....##....##
#.<..........#
#............#
####+###....>#
.....#


You could see Frances (fast, clutched) and a white ugly thing (clutched).

Vanquished Creatures
  Rupert (Lair:4)
  Kirke (Lair:4)
  A stone giant (Orc:2)
  A dire elephant (Lair:6)
  4 ettins
  A fire dragon (D:13)
  8 hydras
  A centaur warrior (D:13)
  Erolcha (D:10)
  7 death yaks
  2 two-headed ogres
  A tengu warrior (D:13)
  3 skeletal warriors (D:13)
  3 orc sorcerers
  2 ugly things
  13 cyclopes
  A manticore (D:12)
  14 elephants
  A torpor snail (Lair:6)
  A black mamba (Lair:6)
  9 cane toads
  2 gargoyles
  A kobold demonologist (D:12)
  An unseen horror (D:10)
  A rime drake (Lair:6)
  An efreet (D:12)
  6 komodo dragons
  4 trolls
  3 polar bears
  A jumping spider (shapeshifter) (D:13)
  A hornet (D:8)
  5 slime creatures (D:12)
  8 dream sheep
  7 blink frogs
  3 shadows
  A spriggan (Lair:5)
  5 wyverns
  2 redbacks (Lair:2)
  A wraith (Ossuary)
  Grum (D:8)
  2 basilisks
  67 yaks
  2 hogs (Lair:4)
  3 vampire mosquitoes (D:12)
  A warg (Orc:1)
  3 acid dragons
  13 water moccasins
  2 ice beasts
  5 black bears
  A sky beast (D:5)
  A hornet zombie (D:7)
  13 orc warriors
  2 necrophages
  7 ogres
  5 centaurs
  10 wolves
  A phantom (D:5)
  2 kobold brigands
  12 bullfrogs
  A gnoll sergeant (D:11)
  2 scorpions
  A water moccasin zombie (D:5)
  6 killer bees (D:11)
  10 wights
  8 howler monkeys
  A jelly (D:7)
  6 centaur zombies
  7 hounds
  9 orc priests
  A centaur skeleton (D:4)
  Jessica (D:2)
  A gnoll shaman (D:9)
  5 iguanas
  20 orc wizards
  A scorpion zombie (D:5)
  4 mummies
  A howler monkey zombie (D:8)
  7 gnolls
  6 adders
  2 shadow imps
  A worm (D:3)
  5 dart slugs
  64 orcs
  9 ball pythons
  6 bats
  9 endoplasms
  5 giant cockroaches
  5 goblins
  8 hobgoblins
  4 jackals (D:1)
  A quokka (D:1)
  2 frilled lizards
  7 goblin zombies (Ossuary)
  3 hobgoblin zombies (Ossuary)
  8 kobolds
  4 kobold zombies (Ossuary)
  4 rats
527 creatures vanquished.

Vanquished Creatures (others)
  An orc wizard (D:10)
  84 fungi
  101 plants
  18 withered plants
204 creatures vanquished.

Grand Total: 731 creatures vanquished

Notes
Turn   | Place    | Note
-------+----------+-------------------------------------------
     0 | D:1      | vurker the Felid Air Elementalist began the quest for the
                  | Orb.
     0 | D:1      | Reached XP level 1. HP: 7/7 MP: 4/4
   162 | D:1      | Reached skill level 1 in Conjurations
   305 | D:1      | Reached XP level 2. HP: 12/12 MP: 0/6
   864 | D:2      | Reached skill level 1 in Fighting
   942 | D:2      | Reached XP level 3. HP: 15/15 MP: 5/7
   964 | D:2      | Noticed Jessica
   988 | D:2      | Killed Jessica
  1360 | D:2      | Reached XP level 4. HP: 18/19 MP: 6/9
  2351 | D:3      | Noticed mcbry74's ghost (weakling GnAM)
  2353 | D:3      | Found a runed translucent gate.
  2353 | D:3      | Found a runed translucent gate.
  2353 | D:3      | Found a runed translucent gate.
  2398 | D:3      | Found a faded altar of an unknown god.
  2449 | D:3      | Reached skill level 3 in Spellcasting
  3021 | D:4      | Noticed a yak
  3022 | D:4      | Noticed a yak
  3024 | D:4      | Noticed a yak
  3024 | D:4      | Noticed a yak
  3026 | D:4      | Noticed a yak
  3062 | D:4      | Found Sepp's Antique Weapon Shoppe.
  3078 | D:4      | Reached XP level 5. HP: 22/22 MP: 3/10
  3210 | D:4      | Found Xagat's General Store.
  3284 | D:4      | Found an ancient bone altar of Kikubaaqudgha.
  3284 | D:4      | Found an opulent altar of Gozag.
  3301 | D:4      | Noticed an ogre
  3345 | D:4      | Killed an ogre
  3346 | D:4      | Gained mutation: You are covered in thick fur. (AC +2)
                  | [Felid growth]
  3346 | D:4      | Reached XP level 6. HP: 24/26 MP: 2/12
  3485 | D:4      | Found Nueff's Book Emporium.
  3572 | D:3      | Killed a yak
  3573 | D:3      | Reached skill level 4 in Spellcasting
  3715 | D:4      | Found a basalt altar of Yredelemnul.
  3798 | D:4      | Noticed an ice beast
  3814 | D:4      | Killed an ice beast
  3911 | D:4      | Reached XP level 7. HP: 30/30 MP: 9/14
  4038 | D:4      | Noticed a yak
  4045 | D:4      | Learned a level 4 spell: Airstrike
  4091 | D:4      | Killed a yak
  4092 | D:4      | Reached skill level 5 in Air Magic
  4251 | D:3      | Killed a yak
  4252 | D:3      | Reached skill level 5 in Spellcasting
  4477 | D:4      | Found a broken altar of Ashenzari.
  4516 | D:4      | Found Sepp's Antique Weapon Shoppe.
  4551 | D:3      | Killed a yak
  4552 | D:3      | Reached XP level 8. HP: 25/36 MP: 7/17
  4765 | D:4      | Found Xagat's General Store.
  4783 | D:4      | Found an ancient bone altar of Kikubaaqudgha.
  4783 | D:4      | Found an opulent altar of Gozag.
  4818 | D:4      | Found Nueff's Book Emporium.
  4912 | D:4      | Found a basalt altar of Yredelemnul.
  5121 | D:4      | Found Xagat's General Store.
  5139 | D:4      | Found an ancient bone altar of Kikubaaqudgha.
  5139 | D:4      | Found an opulent altar of Gozag.
  5174 | D:4      | Found Nueff's Book Emporium.
  5296 | D:4      | Found a basalt altar of Yredelemnul.
  5456 | D:4      | Found Sepp's Antique Weapon Shoppe.
  5507 | D:4      | Found a broken altar of Ashenzari.
  5534 | D:5      | Entered Level 5 of the Dungeon
  5538 | D:5      | Reached skill level 6 in Spellcasting
  5857 | D:5      | Found a sand-covered staircase.
  5865 | Ossuary  | Entered an ossuary
  6672 | D:5      | Reached XP level 9. HP: 39/40 MP: 2/20
  7179 | D:5      | Reached skill level 7 in Spellcasting
  7467 | D:5      | Reached skill level 5 in Fighting
  7688 | D:5      | Found a glowing silver altar of Zin.
  8021 | D:5      | Found a stormy altar of Qazlal.
  8021 | D:5      | Found a sacrificial altar of Ru.
  8028 | D:5      | Found a faded altar of an unknown god.
  8030 | D:5      | Found a white marble altar of Elyvilon.
  8032 | D:5      | Found a faded altar of an unknown god.
  8251 | D:6      | Learned a level 5 spell: Borgnjor's Vile Clutch
  8413 | D:6      | Found an ornate altar of the Wu Jian Council.
  8631 | D:6      | Noticed a +0 falchion
  8631 | D:6      | Noticed a +0 short sword
  8631 | D:6      | Noticed a +0 spear
  8631 | D:6      | Noticed a +0 dagger
  8631 | D:6      | Noticed a +0 falchion
  8631 | D:6      | Noticed a +0 short sword
  8631 | D:6      | Noticed a +0 dagger
  8632 | D:6      | Noticed a +0 spear
  8859 | D:6      | Reached skill level 1 in Necromancy
  8859 | D:6      | Reached skill level 1 in Earth Magic
  9068 | D:6      | Found a snail-covered altar of Cheibriados.
  9287 | D:6      | Found a hide-covered altar of Uskayaw.
  9305 | D:6      | Found a staircase to the Ecumenical Temple.
  9351 | Temple   | Entered the Ecumenical Temple
  9357 | Temple   | Became a worshipper of Vehumet
  9605 | D:7      | Identified 2 scrolls of acquirement
  9605 | D:7      | Acquired 729 gold pieces
  9708 | D:7      | Acquired 1191 gold pieces
 10696 | D:8      | Reached * piety under Vehumet
 10696 | D:8      | Offered knowledge of Foxfire by Vehumet.
 10697 | D:8      | Reached skill level 8 in Spellcasting
 10856 | D:8      | Noticed a green ugly thing
 10879 | D:8      | Killed a green ugly thing
 10880 | D:8      | Reached XP level 10. HP: 45/45 MP: 7/23
 11131 | D:8      | Noticed Grum
 11178 | D:8      | Killed Grum
 11293 | D:8      | Found Idecw's Mayhem Merchandise.
 11844 | D:9      | Reached skill level 5 in Necromancy
 11908 | D:9      | Noticed a two-headed ogre
 11913 | D:9      | Killed a two-headed ogre
 11914 | D:9      | Reached skill level 9 in Spellcasting
 12169 | D:9      | Noticed a gargoyle
 12229 | D:9      | Killed a gargoyle
 12229 | D:9      | Offered knowledge of Poisonous Vapours by Vehumet.
 12301 | D:9      | Reached ** piety under Vehumet
 12659 | D:10     | Entered Level 10 of the Dungeon
 12826 | D:10     | Noticed a two-headed ogre
 12845 | D:10     | Killed a two-headed ogre
 12846 | D:10     | Reached XP level 11. HP: 50/50 MP: 9/25
 13066 | D:10     | Found a staircase to the Orcish Mines.
 13318 | D:10     | Found a staircase to the Lair.
 13870 | D:10     | Offered knowledge of Conjure Flame by Vehumet.
 13878 | D:10     | Reached skill level 10 in Spellcasting
 13902 | D:10     | Noticed Erolcha
 14187 | D:10     | Killed Erolcha
 14585 | D:10     | Reached *** piety under Vehumet
 14919 | D:10     | Found a shimmering blue altar of Sif Muna.
 15028 | D:11     | Offered knowledge of Sticky Flame by Vehumet.
 15879 | Lair:1   | Entered Level 1 of the Lair of Beasts
 16058 | Lair:1   | Noticed an eight-headed hydra
 16127 | Lair:1   | Slain by an eight-headed hydra
 16128 | Lair:1   | Reached XP level 10. HP: -1/48 MP: 10/25
 16162 | Lair:1   | Found a dark tunnel.
 16273 | Lair:1   | Killed a cane toad
 16373 | Lair:1   | Found a gate leading to a gauntlet.
 16383 | Gauntlet | Entered a Gauntlet
 16383 | Gauntlet | Noticed a shining eye
 16383 | Gauntlet | Found a transporter.
 16383 | Gauntlet | Found a transporter.
 16383 | Gauntlet | Found a transporter.
 16384 | Gauntlet | Found a transporter.
 16384 | Gauntlet | Noticed a worldbinder
 16387 | Gauntlet | Found a transporter.
 16387 | Gauntlet | Found a transporter.
 16401 | Gauntlet | Found a transporter.
 16403 | Gauntlet | Found a transporter.
 16404 | Gauntlet | Noticed an ice statue
 16415 | Gauntlet | Found a transporter.
 16511 | Gauntlet | Noticed an ice statue
 16512 | Gauntlet | Found a transporter.
 16516 | Gauntlet | Found a transporter.
 16520 | Gauntlet | Noticed a fire crab
 16526 | Gauntlet | Found a transporter.
 16556 | Lair:1   | Reached XP level 11. HP: 51/51 MP: 16/26
 16575 | Lair:1   | Reached **** piety under Vehumet
 16867 | Lair:1   | Reached skill level 11 in Spellcasting
 17480 | Lair:1   | Killed an eight-headed hydra
 17616 | Lair:2   | Acquired 489 gold pieces
 17627 | Lair:2   | Noticed a four-headed hydra
 17632 | Lair:2   | Killed a four-headed hydra
 17822 | Lair:2   | Offered knowledge of Irradiate by Vehumet.
 17888 | Lair:2   | Found a hole to the Spider Nest.
 18329 | Lair:2   | Reached skill level 10 in Necromancy
 19109 | Lair:3   | Reached skill level 12 in Spellcasting
 19109 | Lair:3   | Gained mutation: Your thick and shaggy fur keeps you warm.
                  | (AC +3, rC+) [Felid growth]
 19109 | Lair:3   | Reached XP level 12. HP: 47/57 MP: 19/29
 19165 | Lair:3   | Noticed a six-headed hydra
 19175 | Lair:3   | Killed a six-headed hydra
 19391 | Lair:3   | Noticed a five-headed hydra
 19399 | Lair:3   | Killed a five-headed hydra
 19514 | Lair:3   | Reached ***** piety under Vehumet
 19524 | Lair:3   | Offered knowledge of Fulminant Prism by Vehumet.
 19933 | Lair:4   | Noticed Rupert
 19950 | Lair:4   | Killed Rupert
 20206 | Lair:4   | Found a staircase to the Swamp.
 20300 | Lair:4   | Noticed Kirke
 20328 | Lair:4   | Killed Kirke
 21136 | Lair:5   | Reached skill level 13 in Spellcasting
 21303 | Lair:5   | Noticed a death yak
 21308 | Lair:5   | Noticed a death yak
 21310 | Lair:5   | Noticed a death yak
 21342 | Lair:5   | Killed a death yak
 21343 | Lair:5   | Reached skill level 10 in Fighting
 21344 | Lair:5   | Killed a death yak
 21345 | Lair:5   | Reached XP level 13. HP: 61/61 MP: 6/31
 22560 | Lair:6   | Entered Level 6 of the Lair of Beasts
 23529 | Lair:6   | Reached skill level 14 in Spellcasting
 23619 | Lair:6   | Found a staircase to the Slime Pits.
 23619 | Lair:6   | Found a viscous altar of Jiyva.
 23946 | Lair:6   | Found a viscous altar of Jiyva.
 23947 | Lair:6   | Found a staircase to the Slime Pits.
 24411 | Lair:6   | Found a viscous altar of Jiyva.
 24411 | Lair:6   | Found a staircase to the Slime Pits.
 24879 | Lair:6   | Noticed a dire elephant
 24879 | Lair:6   | Noticed a dire elephant
 24879 | Lair:6   | Noticed a dire elephant
 24909 | Lair:6   | Killed a dire elephant
 24975 | Lair:6   | Noticed a dire elephant
 24975 | Lair:6   | Noticed a dire elephant
 25141 | Orc:1    | Entered Level 1 of the Orcish Mines
 25201 | Orc:2    | Entered Level 2 of the Orcish Mines
 25201 | Orc:2    | Found a staircase to the Elven Halls.
 25201 | Orc:2    | Found Entieful's Jewellery Emporium.
 25291 | Orc:2    | Offered knowledge of Ozocubu's Refrigeration by Vehumet.
 25300 | Orc:2    | Learned a level 7 spell: Ozocubu's Refrigeration
 25758 | Orc:1    | Found Zenim's Magic Scroll Shoppe.
 25809 | Orc:1    | Bought a scroll of teleportation for 39 gold pieces
 26070 | Orc:1    | Noticed an ettin
 26082 | Orc:1    | Killed an ettin
 26083 | Orc:1    | Reached XP level 14. HP: 67/67 MP: 15/33
 26389 | Orc:2    | Found Gawy's Jewellery Emporium.
 26532 | Orc:2    | Found Teus Mat's Armour Shoppe.
 26558 | Orc:2    | Found Usuqe's Antique Weapon Shoppe.
 26558 | Orc:2    | Noticed a stone giant
 26796 | Orc:2    | Killed a stone giant
 26846 | Orc:2    | Hit by a large rock thrown by a cyclops
 26847 | Orc:2    | Reached XP level 13. HP: -1/63 MP: 29/32
 26847 | Orc:2    | Found Xepp's General Store.
 26847 | Orc:2    | Noticed an ettin
 26857 | Orc:2    | Killed an ettin
 26914 | Orc:2    | Found Judus's Antique Armour Emporium.
 26914 | Orc:2    | Noticed an ettin
 26944 | Orc:2    | Killed an ettin
 27256 | Orc:2    | Found a runed translucent gate.
 27257 | Orc:2    | Found a runed translucent gate.
 27258 | Orc:2    | Found a runed translucent gate.
 27259 | Orc:2    | Noticed bmj180's ghost (journeyman DrCj)
 27260 | Orc:2    | Noticed sn0wgr3's ghost (journeyman GrFi)
 27392 | Orc:2    | Bought a +6 ring of intelligence for 819 gold pieces
 28728 | D:12     | Identified the +0 leather armour of the Weaver {rElec rCorr
                  | Stlth+}
 28791 | D:13     | Found Zenuu's Antique Weapon Shoppe.
 29129 | D:13     | Found Ogratasue's Jewellery Boutique.
 29154 | D:13     | Found Yxyaqaod's Book Shop.
 29184 | D:13     | Found Bojaw's Antique Armour Shoppe.
 29251 | D:13     | HP: 2/63 [centaur warrior/arrow (14)]
 29252 | D:13     | Shot with an arrow by a centaur warrior
 29253 | D:13     | Reached XP level 12. HP: -4/60 MP: 22/31
 29300 | D:13     | Reached skill level 15 in Spellcasting
 29324 | D:13     | Killed a centaur warrior
 29429 | D:13     | Noticed a tengu warrior
 29434 | D:13     | Killed a tengu warrior
 29887 | D:13     | Noticed a fire dragon
 29896 | D:13     | Killed a fire dragon
 30094 | D:13     | Found Zenuu's Antique Weapon Shoppe.
 30258 | D:13     | Found Ogratasue's Jewellery Boutique.
 30277 | D:13     | Found Yxyaqaod's Book Shop.
 30314 | D:13     | Found Bojaw's Antique Armour Shoppe.
 30723 | D:14     | Noticed Roxanne
 30756 | D:14     | Found a white marble altar of Elyvilon.
 30759 | D:14     | Noticed Frances
 30949 | D:14     | Killed from afar by Frances

Illustrated notes

Levels and vault maps discovered:
D:1:      minmay_arrival_loop, layout_basic, grunt_decor_arrowhead
D:2:      layout_basic, minmay_three_crescents, uniq_jessica
D:3:      layout_loops_ring, dreamdust_ecumenical_altar_angels_and_demons,
          biasface_ghost_orc_armoury, corexii_item_surrounded_by_moat
D:4:      layout_rooms, lemuel_tele_altar, jmf_multi_god_temple,
          lemuel_coloured_pillars_altar, serial_shops, nicolae_shop_crystal,
          shop, nicolae_stop_n_shop_1, minmay_misc_feat_rows
D:5:      layout_loops_ring, chequers_temple_overflow_minitemple,
          mainiacjoe_overflow_chevrons, chequers_ossuary_entry_cave,
          portal_sewer_entry_a
D:6:      layout_cave_pods, slow_altar_1, nicolae_uskayaw_en_pointe,
          mainiacjoe_overflow_24_doors, minmay_temple_entry_stoned_glass
D:7:      layout_loops_corners
D:8:      layout_loops_ring, minmay_shop_mayhem, uniq_grum
D:9:      layout_basic, serial_bayou_pond_a, grunt_potential
D:10:     layout_loops_cross, kennysheep_orc_sif_temple,
          due_lair_maze_entry_diamond, david_orc_2, special_room
          [special_room_orc], lemuel_flamethrower_2, uniq_erolcha
D:11:     layout_gridville
D:12:     layout_roguey
D:13:     layout_gridville, serial_shops, nicolae_shop_behind_doors,
          nicolae_shop_statue_plus, nicolae_stop_n_shop_1, shop
D:14:     layout_gridville, erik_vaults_1, gammafunk_ghost_icy,
          elyvilon_altar_5, uniq_roxanne, uniq_frances
Temple:   eino_wide_crystal_templ
Lair:1:   layout_long_grid, gauntlet_entry_generic, enter_volcano_1,
          beast_lair_carwin_5, lemuel_fruit_fields
Lair:2:   layout_cave_pods, spider_nest_entry_webs
Lair:3:   layout_misc_corridors
Lair:4:   layout_long_grid, minmay_swamp_entry_reptiles, uniq_rupert, uniq_kirke
Lair:5:   wad_woods_04, layout_loops_ring
Lair:6:   due_jungle_book, layout_gridlike, slime_altar_1, minivault_25
Orc:1:    layout_diamond_mine, serial_shops, shop_scrolls
Orc:2:    grunt_orc_gardens, layout_caves, grunt_orc_garden, grunt_orc_garden,
          grunt_orc_garden, grunt_orc_garden, serial_shops,
          nicolae_lakefront_shop, gammafunk_ghost_cemetery,
          minmay_shop_enchanted_jewellery

Skill      XL: |  1  2  3  4  5  6  7  8  9 10 11 12 13 |
---------------+----------------------------------------+-----
Conjurations   | 1 2 3 |  3.0
Air Magic      | 3 4 5 7 8 9 |  9.0
Fighting       | 1 2 3 4 5 8 9 10 11 | 11.6
Spellcasting   | 3 4 5 6 8 9 12 15 14 | 15.1
Necromancy     | 3 6 10 11 14 | 14.4
Earth Magic    | 3 |  3.0
Dodging        | |  2.6
Stealth        | |  2.6

Action                   |  1- 3 |  4- 6 |  7- 9 | 10-12 | 13-15 || total
-------------------------+-------+-------+-------+-------+-------++-------
Melee: Unarmed           |    27 |     2 |       |     4 |    69 ||   102
       Bite              |     4 |       |       |       |    11 ||    15
 Cast: Shock             |    54 |   150 |   168 |   114 |    64 ||   550
       Airstrike         |       |       |   113 |   484 |   292 ||   889
       Borgnjor's Vile C |       |       |       |    45 |    55 ||   100
Evoke: Wand              |       |       |       |     6 |     3 ||     9
  Use: Scroll            |       |       |    16 |    13 |     2 ||    31
       Potion            |       |       |       |     5 |     2 ||     7
Armor: Skin              |     2 |       |     4 |    25 |    32 ||    63
Dodge: Dodged            |    32 |    29 |    36 |   153 |    95 ||   345

Table legend: (Time is in decaauts)
 A = Elapsed time spent in this place.
 B = Non-inter-level travel time spent in this place.
 C = Inter-level travel time spent in this place.
 D = Time resting spent in this place.
 E = Time spent auto-exploring this place.
 F = Levels seen in this place.
 G = Mean time per level.
                   A        B        C        D        E       F      G
               +--------+--------+--------+--------+--------+-----+--------+
         Total |  27481 |  26317 |   1164 |   2533 |  19718 |  25 | 1099.2 |
       Dungeon |  17136 |  16477 |    659 |   1716 |  12600 |  14 | 1224.0 |
        Temple |     10 |      6 |      4 |      0 |      0 |   1 |   10.0 |
          Lair |   7474 |   7047 |    427 |    284 |   5355 |   6 | 1245.7 |
  Orcish Mines |   2049 |   1976 |     73 |    532 |   1079 |   2 | 1024.5 |
       Ossuary |    676 |    676 |      0 |      0 |    569 |   1 |  676.0 |
      Gauntlet |    133 |    133 |      0 |      0 |    112 |   1 |  133.0 |
               +--------+--------+--------+--------+--------+-----+--------+

Top non-repeatable levels by time:
     D:4: 2078 daAuts
    D:10: 1960 daAuts
    D:13: 1851 daAuts
  Lair:6: 1817 daAuts
  Lair:5: 1658 daAuts
     D:9: 1643 daAuts
     D:5: 1631 daAuts
     D:6: 1319 daAuts
  Lair:2: 1239 daAuts
   Orc:2: 1219 daAuts
    D:12: 1095 daAuts
     D:3: 1076 daAuts
  Lair:4: 1040 daAuts
     D:2: 1025 daAuts
  Lair:1: 978 daAuts
